 Dungeon Crawl Stone Soup version 0.31.0 (webtiles) character file.

Game seed: 9339566588688971076

2 dorian the Covered (level 1, -2/18 HPs)
             Began as an Armataur Fighter on Jan 20, 2024.
             Slain by a quokka (3 damage)
             ... on level 1 of the Dungeon.
             The game lasted 00:00:12 (53 turns).

dorian the Covered (Armataur Fighter)                 Turns: 53, Time: 00:00:12

Health: -2/18      AC:  6    Str: 21    XL:     1   Next: 33%
Magic:  1/1        EV:  7    Int:  8    God:
Gold:   0          SH:  4    Dex:  9    Spells: 0/0 levels left

rFire   . . .        a - +0 flail
rCold   . . .        c - +0 buckler
rNeg    . . .        b - +0 scale mail
rPois   .            (no helmet)
rElec   .            (no cloak)
rCorr   .            (no gloves)
SInv    .            (no barding)
Will    .....        (no amulet) Stlth
                     (no ring)
HPRegen 0.23/turn    (no ring)
MPRegen 0.07/turn

%: roll
@: no status effects
A: large, deformed body, tough skin 3, armoured tail, roll 1
a: no special abilities


You were on level 1 of the Dungeon.
You visited 1 branch of the dungeon, and saw 1 of its levels.

Inventory:

Hand Weapons
 a - a +0 flail (weapon)
Armour
 b - a +0 scale mail (worn)
 c - a +0 buckler (worn)
Scrolls
 e - a scroll of amnesia {unknown}
Potions
 d - a potion of might


   Skills:
 + Level 2.7 Fighting
 * Level 1.9 Maces & Flails
 + Level 3.6 Armour
 + Level 3.3 Shields


You couldn't memorise any spells.
You didn't know any spells.
Your spell library was empty.

Dungeon Overview and Level Annotations

Branches:
Dungeon (1/15) Zot: 5940

Altars:


Innate Abilities, Weirdness & Mutations

Armour fits poorly on your strangely shaped body.
You have extremely tough skin. (AC +3)
You have a long armoured tail.
You regenerate magic when rolling toward enemies. (Rampage MPRegen)


Message History

The goblin is heavily wounded.
The goblin barely misses you.
The hobgoblin hits you but does no damage.
You barely miss the goblin. You tail-slap the goblin.
You kill the goblin!
The bat hits you but does no damage. The quokka bites you.
The hobgoblin closely misses you. The quokka barely misses you.
The hobgoblin hits you.
You hit the goblin.
The goblin is almost dead.
The quokka barely misses you.
The frilled lizard unfolds its giant frill.
The goblin hits you but does no damage. You block the hobgoblin's attack.
The quokka twitches its whiskers.
The quokka bites you.
You closely miss the goblin.
Your tail-slap misses the goblin.
The goblin is almost dead.
You block the goblin's attack. The quokka closely misses you.
The hobgoblin completely misses you. The goblin hits you but does no damage.
You closely miss the goblin.
The goblin is almost dead.
The quokka barely misses you. You block the hobgoblin's attack.
You block the goblin's attack.
The quokka bites you but does no damage.
The hobgoblin hits you but does no damage.
You hit the goblin.
You kill the goblin!
The bat closely misses you. The bat hits you but does no damage.
The quokka completely misses you. The hobgoblin hits you.
The bat hits you but does no damage.
You barely miss the bat. You block the bat's attack. The bat hits you.
The quokka bites you. The bat closely misses you.
You block the hobgoblin's attack. The quokka barely misses you.
You barely miss the bat. The bat hits you but does no damage.
You block the bat's attack. The hobgoblin hits you.
* * * LOW HITPOINT WARNING * * *
The quokka bites you.
* * * LOW HITPOINT WARNING * * *
You block the bat's attack. The quokka bites you.
You die...

####### #.....## ##.#≈#.)
####..§#≈.## ..B......≈#
.. #rgl...≈§## ..####
#@#.#..≈≈≈# ......
#b#....)≈≈#
......####..#.....≈# ####
..............≈....# +.≈##
#......l.>#..#.#..# #.≈≈#
#........##.§#....####.≈≈#
#........##.#.......#..§§#
#........##...##.#..'..<§#
#.........##.≈≈.....'...≈#


You could see a quokka, a giant cockroach, a hobgoblin, a bat and a frilled
lizard.

Vanquished Creatures
  2 goblins (D:1)
2 creatures vanquished.

Notes
Turn   | Place    | Note
-------+----------+-------------------------------------------
     0 | D:1      | dorian the Armataur Fighter began the quest for the Orb.
     0 | D:1      | Reached XP level 1. HP: 18/18 MP: 1/1
    53 | D:1      | Slain by a quokka

Illustrated notes

Levels and vault maps discovered:
D:1:      denvon_arrival_hothouse, layout_basic, minmay_pentomino_v4

Action                     || total
---------------------------++-------
  Melee: Flail             ||    16
         Tailslap          ||     1
 Armour: Scale mail        ||    36
  Dodge: Dodged            ||    16
  Block: Buckler           ||     9
